 Dungeon Crawl Stone Soup version 0.29.0-4-gdea44cf6ec (webtiles) character file.

Game seed: 17808454113170663272

10098 qw the Brawler (level 11, -11/105 HPs)
             Began as a Troll Cinder Acolyte on Sept 2, 2022.
             Was a Follower of Ignis.
             Mangled by a komodo dragon (20 damage)
             ... on level 11 of the Dungeon.
             The game lasted 00:04:34 (8866 turns).

qw the Brawler (Troll Cinder Acolyte)               Turns: 8866, Time: 00:04:34

Health: -11/105    AC: 14    Str: 34    XL:     11   Next: 31%
Magic:  11/11      EV:  9    Int: 10    God:    Ignis [*.....]
Gold:   256        SH:  0    Dex:  5    Spells: 12/12 levels left

rFire   + + .      SeeInvis .     - Unarmed
rCold   . . .      Faith    .   (no shield)
rNeg    . . .      Spirit   .   r - +1 robe {Will+}
rPois   .          Reflect  .   (helmet restricted)
rElec   .          Harm     .   h - +1 cloak
rCorr   .          Rampage  .   (gloves unavailable)
Will    +....                   (boots unavailable)
Stlth   +.........              (no amulet)
HPRegen 1.07/turn               g - ring of protection from fire
MPRegen 0.12/turn               n - +6 ring of strength

@: about to teleport, fiery-armoured
A: large, unfitting armour, claws 3, regeneration 1, shaggy fur 1, tough skin 1
a: Renounce Religion, Fiery Armour, Foxfire Swarm, Rising Flame


You were on level 11 of the Dungeon.
You worshipped Ignis.
Ignis was aware of your devotion.
You visited 1 branch of the dungeon, and saw 11 of its levels.

You collected 778 gold pieces.
You spent 522 gold pieces at shops.


Innate Abilities, Weirdness & Mutations

You are too large for most types of armour.
You have claws for hands.
Your natural rate of healing is unusually fast.
You are covered in fur. (AC +1)
You have tough skin. (AC +1)


   Skills:
 - Level 6.0 Fighting
 - Level 6.0 Throwing
 - Level 1.4 Armour
 - Level 1.5 Dodging
 + Level 15.0 Unarmed Combat
 - Level 1.0 Spellcasting
 - Level 2.1 Fire Magic


You had 12 spell levels left.
You didn't know any spells.
Your spell library contained the following spells:

 Spells                   Type           Power      Damage    Failure   Level
 Scorch                   Fire           8%         2d5       22%         2

Inventory:

Missiles
 k - 5 boomerangs
 m - 2 large rocks (quivered)
Armour
 a - +0 steam dragon scales
 h - a +1 cloak (worn)
 r - a +1 robe of willpower (worn)
Jewellery
 g - a ring of protection from fire (left claw)
 n - a +6 ring of strength (right claw)
Scrolls
 b - 6 scrolls of identify
 e - a scroll of enchant weapon
 o - a scroll of teleportation
Potions
 d - 4 potions of might
 f - 2 potions of haste
 i - 3 potions of cancellation
 j - 4 potions of curing
 l - a potion of mutation

Dungeon Overview and Level Annotations

Branches:
Dungeon (11/15)            Temple (0/1) D:5            Lair (0/5) D:11
    Orc (0/2) D:10

Altars:
Ashenzari
Cheibriados
Dithmenos
Elyvilon
Fedhas
Gozag
Kikubaaqudgha
Nemelex Xobeh
Qazlal
Ru
Sif Muna
Trog
Uskayaw
Wu Jian
Yredelemnul

Shops:
D:5 !   D:7 *

Annotations:
D:8 1 runed translucent door, qw's ghost, novice TeWr
D:11 Harold


Message History

Harold is heavily wounded.
You hear an angry hiss.
Harold hits you with a +0 trident!
Harold is burned by your cloak of flames.
Harold is heavily wounded.
The grasping roots constrict you.
8858 ||| READING 3 scrolls of teleportation.
As you read the scroll of teleportation, it crumbles to dust.
You feel strangely unstable. Harold hits you with a +0 trident.
Harold is burned by your cloak of flames.
Harold is heavily wounded.
The grasping roots constrict you!
8859 ||| DRINKING potion of heal wounds.
You feel much better. Harold hits you with a +0 trident!!
The grasping roots constrict you!
You claw Harold!
Harold is severely wounded.
The grasping roots release their grip on you.
You scratch Harold but do no damage.
Harold is severely wounded.
Your surroundings suddenly seem different.
A komodo dragon comes into view.
Found a staircase to the Lair.
Throw: 4 large rocks
Press: ? - help, Q - select action, (/) - cycle Shift-Dir - straight line, f - komodo dragon You throw a large rock.
The large rock barely misses the komodo dragon.
Throw: 3 large rocks
Press: ? - help, Q - select action, (/) - cycle Shift-Dir - straight line, f/p - komodo dragon You throw a large rock.
The large rock barely misses the komodo dragon.
8864 ||| READING 2 scrolls of teleportation.
As you read the scroll of teleportation, it crumbles to dust.
You feel strangely unstable.
You barely miss the komodo dragon. You mangle the komodo dragon!!
The komodo dragon is almost dead.
The komodo dragon bites you!!
You die...

#.###.#
((...# #^
#.####.
.....# #.
#.@....
##....# #.
#.#.>..
#...>.#.#.
#.#..#.
#.......#.
#.#..#
###.......#.
#.#..#
+...l.......
#.#..#
#.@...#
#.#..#
+....####
#.#..#
####.#
#.#<.# #.#
#.##.## ..#
#...... ###
####... #...
#... #...


You could see a komodo dragon.

Vanquished Creatures
  A boulder beetle (D:9)
  Psyche (D:9)
  2 trolls
  A wraith (D:9)
  25 yaks
  A vampire (D:9)
  A wyvern (D:9)
  A steam dragon (D:9)
  3 vampire mosquitoes (D:9)
  6 water moccasins
  An ice beast (D:4)
  An orc warrior (D:6)
  2 sky beasts
  4 black bears
  2 ogres (D:5)
  5 centaurs
  5 kobold brigands
  3 bullfrogs
  3 scorpions
  3 wights
  13 killer bees
  3 howler monkeys (D:8)
  5 hounds
  A jelly (D:5)
  3 orc priests
  5 orc wizards
  4 iguanas
  4 gnolls (D:5)
  7 adders
  2 shadow imps
  An ufetubus (D:6)
  6 worms
  A dart slug (D:1)
  36 orcs
  6 ball pythons
  A bat zombie (D:6)
  11 endoplasms
  6 giant cockroaches
  6 goblins
  7 hobgoblins
  4 jackals (D:3)
  32 kobolds
  3 quokkas
  2 bats
  4 frilled lizards (D:1)
  3 rats
247 creatures vanquished.

Vanquished Creatures (others)
  A wizard (D:5)
  A bush (D:7)
2 creatures vanquished.

Grand Total: 249 creatures vanquished

Notes
Turn   | Place    | Note
-------+----------+-------------------------------------------
     0 | D:1      | qw the Troll Cinder Acolyte began the quest for the Orb.
     0 | D:1      | Reached XP level 1. HP: 22/22 MP: 1/1
     0 | D:1      | 0 ||| qw: Version: 0.1-a-97-g2dd2ca4
     0 | D:1      | 0 ||| qw: Game counter: 4961
     0 | D:1      | 0 ||| qw: Always use a shield: true
     0 | D:1      | 0 ||| qw: God list: Okawaru
     0 | D:1      | 0 ||| qw: Allow faded altars: false
     0 | D:1      | 0 ||| qw: Do Orc after D:15 true
     0 | D:1      | 0 ||| qw: Do second Lair branch before Depths: true
     0 | D:1      | 0 ||| qw: Lair rune preference: random
     0 | D:1      | 0 ||| qw: Plans: Normal
     0 | D:1      | 0 ||| PLANNING D:1-11
    25 | D:1      | 25 ||| Stepping ~*~*~tactically~*~*~ (stealth).
    42 | D:1      | 42 ||| Stepping ~*~*~tactically~*~*~ (stealth).
   144 | D:1      | Reached XP level 2. HP: 27/29 MP: 2/2
   197 | D:1      | 197 ||| Stepping ~*~*~tactically~*~*~ (outnumbered).
   198 | D:1      | 198 ||| Stepping ~*~*~tactically~*~*~ (outnumbered).
   219 | D:1      | You fall into a shaft and drop 1 floor!
   221 | D:2      | 221 ||| READING scroll labelled PIBUPR PAMAO.
   244 | D:1      | 244 ||| Stepping ~*~*~tactically~*~*~ (stealth).
   328 | D:1      | Reached skill level 4 in Unarmed Combat
   476 | D:1      | Reached XP level 3. HP: 36/36 MP: 3/3
   529 | D:1      | 529 ||| Stepping ~*~*~tactically~*~*~ (stealth).
   764 | D:1      | 764 ||| READING scroll labelled CERHETRIRPHU.
   765 | D:1      | 765 ||| READING scroll labelled TOMION AKAECS.
   766 | D:1      | 766 ||| READING scroll labelled CEBRUT PIYWUNO.
  1498 | D:2      | 1498 ||| READING scroll labelled VYSA GAGIEGG.
  1501 | D:2      | 1501 ||| READING scroll labelled EPNURUECHY.
  1502 | D:2      | 1502 ||| DRINKING 2 fizzy sapphire potions.
  1503 | D:2      | 1503 ||| READING 3 scrolls of identify.
  1503 | D:2      | 1503 ||| IDENTIFYING bubbling cyan potion
  1681 | D:3      | 1681 ||| Stepping ~*~*~tactically~*~*~ (stealth).
  1682 | D:3      | 1682 ||| Stepping ~*~*~tactically~*~*~ (stealth).
  1685 | D:3      | 1685 ||| Stepping ~*~*~tactically~*~*~ (stealth).
  1686 | D:3      | 1686 ||| Stepping ~*~*~tactically~*~*~ (stealth).
  1689 | D:3      | Reached XP level 4. HP: 44/44 MP: 4/4
  1694 | D:3      | Reached skill level 5 in Unarmed Combat
  1734 | D:3      | Found a snail-covered altar of Cheibriados.
  1791 | D:3      | 1791 ||| Stepping ~*~*~tactically~*~*~ (outnumbered).
  1792 | D:3      | 1792 ||| Stepping ~*~*~tactically~*~*~ (outnumbered).
  1812 | D:3      | 1812 ||| INVOKING Fiery Armour.
  1813 | D:3      | 1813 ||| Stepping ~*~*~tactically~*~*~ (outnumbered).
  1816 | D:3      | 1816 ||| Stepping ~*~*~tactically~*~*~ (outnumbered).
  1828 | D:3      | 1828 ||| Stepping ~*~*~tactically~*~*~ (outnumbered).
  1836 | D:3      | Reached XP level 5. HP: 44/50 MP: 5/5
  2021 | D:3      | Found an opulent altar of Gozag.
  2315 | D:3      | 2315 ||| READING scroll labelled XARUDA YTEACH.
  2316 | D:3      | 2316 ||| READING scroll labelled LOLAZONLURI.
  2317 | D:3      | 2317 ||| DRINKING 3 sedimented puce potions.
  2357 | D:3      | 2357 ||| DRINKING 4 fizzy inky potions.
  2358 | D:3      | 2358 ||| READING 3 scrolls of identify.
  2358 | D:3      | 2358 ||| IDENTIFYING grey potion
  2359 | D:3      | 2359 ||| READING 2 scrolls of identify.
  2359 | D:3      | 2359 ||| IDENTIFYING lumpy amethyst potion
  2360 | D:3      | 2360 ||| DROPPING 2 potions of lignification.
  2361 | D:3      | 2361 ||| DROPPING 3 potions of flight.
  2362 | D:3      | 2362 ||| DROPPING potion of degeneration.
  2411 | D:4      | 2411 ||| Stepping ~*~*~tactically~*~*~ (stealth).
  2421 | D:4      | Reached skill level 6 in Unarmed Combat
  2492 | D:4      | 2492 ||| Stepping ~*~*~tactically~*~*~ (stealth).
  2618 | D:4      | Found a hide-covered altar of Uskayaw.
  2742 | D:4      | Noticed an ice beast
  2751 | D:4      | 2751 ||| INVOKING Fiery Armour.
  2752 | D:4      | Killed an ice beast
  2753 | D:4      | Reached skill level 7 in Unarmed Combat
  2753 | D:4      | Reached XP level 6. HP: 29/59 MP: 6/6
  2918 | D:4      | Found a sacrificial altar of Ru.
  2936 | D:4      | 2936 ||| UPGRADING to +1 cloak.
  2976 | D:5      | Entered Level 5 of the Dungeon
  2978 | D:5      | Identified the +1 leather armour of Keyrgh {rElec rF+
                  | Int+4}
  2987 | D:5      | 2987 ||| Stepping ~*~*~tactically~*~*~ (stealth).
  2990 | D:5      | 2990 ||| Stepping ~*~*~tactically~*~*~ (outnumbered).
  2991 | D:5      | 2991 ||| Stepping ~*~*~tactically~*~*~ (outnumbered).
  2992 | D:5      | 2992 ||| Stepping ~*~*~tactically~*~*~ (outnumbered).
  2993 | D:5      | 2993 ||| Stepping ~*~*~tactically~*~*~ (outnumbered).
  2994 | D:5      | 2994 ||| Stepping ~*~*~tactically~*~*~ (outnumbered).
  2995 | D:5      | 2995 ||| Stepping ~*~*~tactically~*~*~ (outnumbered).
  3068 | D:5      | 3068 ||| Stepping ~*~*~tactically~*~*~ (hiding).
  3069 | D:5      | 3069 ||| Stepping ~*~*~tactically~*~*~ (hiding).
  3070 | D:5      | 3070 ||| Stepping ~*~*~tactically~*~*~ (hiding).
  3076 | D:5      | Reached skill level 8 in Unarmed Combat
  3078 | D:5      | 3078 ||| FLEEEEING.
  3105 | D:5      | Found a staircase to the Ecumenical Temple.
  3112 | D:5      | Reached XP level 7. HP: 66/66 MP: 7/7
  3195 | D:5      | Reached skill level 3 in Fighting
  3495 | D:5      | Found Oklolomm's Distillery.
  3504 | D:5      | 3504 ||| BUYING potion of cancellation (96 gold).
  3504 | D:5      | Bought a potion of cancellation for 96 gold pieces
  3504 | D:5      | 3504 ||| BUYING potion of curing (36 gold).
  3504 | D:5      | Bought a potion of curing for 36 gold pieces
  3504 | D:5      | 3504 ||| BUYING potion of haste (120 gold).
  3504 | D:5      | Bought a potion of haste for 120 gold pieces
  3504 | D:5      | 3504 ||| BUYING potion of heal wounds (60 gold).
  3504 | D:5      | Bought a potion of heal wounds for 60 gold pieces
  3504 | D:5      | 3504 ||| BUYING potion of might (48 gold).
  3504 | D:5      | Bought a potion of might for 48 gold pieces
  3504 | D:5      | 3504 ||| SHOPLISTING potion of mutation (96 gold, have 69).
  3591 | D:5      | 3591 ||| Stepping ~*~*~tactically~*~*~ (stealth).
  3592 | D:5      | 3592 ||| Stepping ~*~*~tactically~*~*~ (stealth).
  3602 | D:5      | Reached skill level 9 in Unarmed Combat
  3614 | D:5      | 3614 ||| FLEEEEING.
  3638 | D:5      | Reached skill level 1 in Dodging
  3914 | D:5      | 3914 ||| Stepping ~*~*~tactically~*~*~ (hiding).
  3917 | D:5      | Reached XP level 8. HP: 75/75 MP: 8/8
  3923 | D:5      | 3923 ||| FLEEEEING.
  3924 | D:5      | 3924 ||| FLEEEEING.
  3925 | D:5      | 3925 ||| FLEEEEING.
  4232 | D:5      | Found a bloodstained altar of Trog.
  4234 | D:5      | Noticed a wizard
  4239 | D:5      | Killed a wizard
  4352 | D:5      | 4352 ||| UPGRADING to ring of protection from fire.
  4353 | D:5      | 4353 ||| READING scroll labelled LOAHEMN SOINEK.
  4371 | D:6      | 4371 ||| PLANNING SEWER
  4396 | D:6      | 4396 ||| FLEEEEING.
  4398 | D:6      | 4398 ||| Stepping ~*~*~tactically~*~*~ (hiding).
  4399 | D:6      | 4399 ||| INVOKING Fiery Armour.
  4401 | D:6      | 4401 ||| Stepping ~*~*~tactically~*~*~ (outnumbered).
  4402 | D:6      | 4402 ||| Stepping ~*~*~tactically~*~*~ (outnumbered).
  4403 | D:6      | 4403 ||| Stepping ~*~*~tactically~*~*~ (outnumbered).
  4404 | D:6      | 4404 ||| Stepping ~*~*~tactically~*~*~ (outnumbered).
  4405 | D:6      | 4405 ||| Stepping ~*~*~tactically~*~*~ (outnumbered).
  4411 | D:6      | Reached skill level 10 in Unarmed Combat
  4465 | D:6      | Found an ornate altar of the Wu Jian Council.
  4473 | D:6      | 4473 ||| Stepping ~*~*~tactically~*~*~ (stealth).
  4634 | D:6      | 4634 ||| Stepping ~*~*~tactically~*~*~ (stealth).
  4638 | D:6      | 4638 ||| Stepping ~*~*~tactically~*~*~ (stealth).
  4650 | D:6      | 4650 ||| FLEEEEING.
  4651 | D:6      | 4651 ||| FLEEEEING.
  4652 | D:6      | 4652 ||| FLEEEEING.
  4771 | D:6      | Found a blossoming altar of Fedhas.
  4786 | D:6      | 4786 ||| Stepping ~*~*~tactically~*~*~ (stealth).
  4787 | D:6      | 4787 ||| Stepping ~*~*~tactically~*~*~ (stealth).
  4788 | D:6      | 4788 ||| Stepping ~*~*~tactically~*~*~ (stealth).
  4791 | D:6      | 4791 ||| Stepping ~*~*~tactically~*~*~ (stealth).
  4794 | D:6      | 4794 ||| Stepping ~*~*~tactically~*~*~ (stealth).
  4890 | D:6      | Found an ancient bone altar of Kikubaaqudgha.
  4922 | D:6      | Reached skill level 1 in Throwing
  5014 | D:6      | Found a white marble altar of Elyvilon.
  5014 | D:6      | Found a faded altar of an unknown god.
  5022 | D:6      | Found a stormy altar of Qazlal.
  5024 | D:6      | Found a broken altar of Ashenzari.
  5026 | D:6      | Found a faded altar of an unknown god.
  5114 | D:6      | 5114 ||| RIP SEWER
  5200 | D:6      | 5200 ||| PLANNING D:1-11
  5210 | D:6      | Reached XP level 9. HP: 68/84 MP: 9/9
  5256 | D:6      | 5256 ||| READING scroll labelled FOOKISOFRI.
  5334 | D:7      | Reached skill level 3 in Throwing
  5379 | D:7      | 5379 ||| Stepping ~*~*~tactically~*~*~ (stealth).
  5384 | D:7      | 5384 ||| Stepping ~*~*~tactically~*~*~ (hiding).
  5385 | D:7      | 5385 ||| Stepping ~*~*~tactically~*~*~ (hiding).
  5386 | D:7      | 5386 ||| INVOKING Fiery Armour.
  5387 | D:7      | 5387 ||| DRINKING 2 potions of curing.
  5387 | D:7      | 5387 ||| (to cure confusion)
  5388 | D:7      | 5388 ||| Stepping ~*~*~tactically~*~*~ (outnumbered).
  5389 | D:7      | 5389 ||| Stepping ~*~*~tactically~*~*~ (outnumbered).
  5392 | D:7      | Reached skill level 11 in Unarmed Combat
  5397 | D:7      | 5397 ||| Stepping ~*~*~tactically~*~*~ (outnumbered).
  5422 | D:7      | 5422 ||| Stepping ~*~*~tactically~*~*~ (stealth).
  5426 | D:7      | 5426 ||| Stepping ~*~*~tactically~*~*~ (hiding).
  5434 | D:7      | 5434 ||| Stepping ~*~*~tactically~*~*~ (stealth).
  5440 | D:7      | 5440 ||| Stepping ~*~*~tactically~*~*~ (stealth).
  5465 | D:7      | Identified the +7 quarterstaff "Bafuwa" {drain, +Blink}
  5487 | D:7      | Found a shadowy altar of Dithmenos.
  5542 | D:7      | Found Deichu Bosi's Assorted Antiques.
  5552 | D:7      | 5552 ||| BUYING 2 fizzy brown potions (50 gold).
  5552 | D:7      | Bought 2 fizzy brown potions for 50 gold pieces
  5552 | D:7      | 5552 ||| BUYING potion of curing (84 gold).
  5552 | D:7      | Bought a potion of curing for 84 gold pieces
  5552 | D:7      | 5552 ||| BUYING scroll labelled RYAGUV EDUBREK (28 gold).
  5552 | D:7      | Bought a scroll labelled RYAGUV EDUBREK for 28 gold pieces
  5552 | D:7      | 5552 ||| SHOPLISTING scroll of identify (56 gold, have 21).
  5606 | D:7      | 5606 ||| Stepping ~*~*~tactically~*~*~ (stealth).
  5608 | D:7      | 5608 ||| Stepping ~*~*~tactically~*~*~ (hiding).
  5939 | D:7      | 5939 ||| UPGRADING to +1 robe of willpower.
  5949 | D:7      | 5949 ||| DROPPING +0 robe.
  5950 | D:7      | 5950 ||| DROPPING ring of flight.
  5951 | D:7      | 5951 ||| READING scroll labelled SIZOFU YLEDENT.
  5952 | D:7      | 5952 ||| READING scroll labelled RYAGUV EDUBREK.
  5953 | D:7      | 5953 ||| DRINKING 2 fizzy brown potions.
  6054 | D:7      | 6054 ||| DROPPING potion of ambrosia.
  6104 | D:8      | 6104 ||| Stepping ~*~*~tactically~*~*~ (stealth).
  6111 | D:8      | 6111 ||| Stepping ~*~*~tactically~*~*~ (outnumbered).
  6112 | D:8      | 6112 ||| Stepping ~*~*~tactically~*~*~ (outnumbered).
  6113 | D:8      | 6113 ||| Stepping ~*~*~tactically~*~*~ (outnumbered).
  6119 | D:8      | 6119 ||| Stepping ~*~*~tactically~*~*~ (outnumbered).
  6123 | D:8      | Reached skill level 12 in Unarmed Combat
  6158 | D:8      | Noticed qw's ghost (novice TeWr)
  6258 | D:8      | Found a runed translucent door.
  6300 | D:8      | 6300 ||| INVOKING Fiery Armour.
  6305 | D:8      | 6305 ||| Stepping ~*~*~tactically~*~*~ (outnumbered).
  6316 | D:8      | HP: 21/88 [yak (7)]
  6317 | D:8      | 6317 ||| READING 2 scrolls of teleportation.
  6317 | D:8      | HP: 8/88 [yak (4)]
  6318 | D:8      | 6318 ||| DRINKING 3 potions of heal wounds.
  6319 | D:8      | Reached XP level 10. HP: 22/96 MP: 10/10
  6319 | D:8      | 6319 ||| DRINKING 2 potions of heal wounds.
  6341 | D:8      | 6341 ||| FLEEEEING.
  6342 | D:8      | 6342 ||| FLEEEEING.
  6343 | D:8      | 6343 ||| FLEEEEING.
  6344 | D:8      | 6344 ||| FLEEEEING.
  6345 | D:8      | 6345 ||| FLEEEEING.
  6346 | D:8      | 6346 ||| FLEEEEING.
  6347 | D:8      | 6347 ||| FLEEEEING.
  6348 | D:8      | 6348 ||| STAIRDANCE
  6370 | D:7      | 6370 ||| DROPPING orb of mayhem.
  6373 | D:8      | 6373 ||| STAIRDANCE
  6397 | D:8      | 6397 ||| STAIRDANCE
  6405 | D:8      | 6405 ||| STAIRDANCE
  6556 | D:8      | Reached skill level 13 in Unarmed Combat
  6728 | D:8      | 6728 ||| Stepping ~*~*~tactically~*~*~ (stealth).
  6740 | D:8      | 6740 ||| INVOKING Fiery Armour.
  7171 | D:8      | 7171 ||| READING scroll of teleportation.
  7256 | D:9      | Reached skill level 1 in Armour
  7296 | D:9      | 7296 ||| Stepping ~*~*~tactically~*~*~ (hiding).
  7308 | D:9      | Found a basalt altar of Yredelemnul.
  7331 | D:9      | 7331 ||| INVOKING Fiery Armour.
  7338 | D:9      | 7338 ||| FLEEEEING.
  7339 | D:9      | 7339 ||| FLEEEEING.
  7340 | D:9      | 7340 ||| FLEEEEING.
  7341 | D:9      | 7341 ||| FLEEEEING.
  7342 | D:9      | 7342 ||| FLEEEEING.
  7359 | D:9      | Noticed a boulder beetle
  7360 | D:9      | 7360 ||| Stepping ~*~*~tactically~*~*~ (stealth).
  7361 | D:9      | 7361 ||| Stepping ~*~*~tactically~*~*~ (stealth).
  7369 | D:9      | Killed a boulder beetle
  7370 | D:9      | Reached skill level 14 in Unarmed Combat
  7845 | D:9      | 7845 ||| Stepping ~*~*~tactically~*~*~ (outnumbered).
  7847 | D:9      | 7847 ||| Stepping ~*~*~tactically~*~*~ (outnumbered).
  7904 | D:9      | Reached skill level 6 in Fighting
  7962 | D:9      | Reached XP level 11. HP: 103/105 MP: 11/11
  7989 | D:9      | Found a shimmering blue altar of Sif Muna.
  8096 | D:9      | Noticed Psyche
  8102 | D:9      | Killed Psyche
  8193 | D:9      | 8193 ||| UPGRADING to +6 ring of strength.
  8194 | D:9      | 8194 ||| READING scroll labelled PEBYVUF BETH.
  8244 | D:10     | Entered Level 10 of the Dungeon
  8251 | D:10     | 8251 ||| INVOKING Fiery Armour.
  8253 | D:10     | 8253 ||| Stepping ~*~*~tactically~*~*~ (outnumbered).
  8254 | D:10     | 8254 ||| Stepping ~*~*~tactically~*~*~ (outnumbered).
  8257 | D:10     | 8257 ||| FLEEEEING.
  8258 | D:10     | 8258 ||| STAIRDANCE
  8301 | D:10     | 8301 ||| STAIRDANCE
  8313 | D:10     | 8313 ||| STAIRDANCE
  8470 | D:10     | 8470 ||| Stepping ~*~*~tactically~*~*~ (stealth).
  8472 | D:10     | 8472 ||| Stepping ~*~*~tactically~*~*~ (stealth).
  8478 | D:10     | 8478 ||| Stepping ~*~*~tactically~*~*~ (outnumbered).
  8479 | D:10     | 8479 ||| Stepping ~*~*~tactically~*~*~ (outnumbered).
  8480 | D:10     | 8480 ||| Stepping ~*~*~tactically~*~*~ (outnumbered).
  8482 | D:10     | 8482 ||| Stepping ~*~*~tactically~*~*~ (outnumbered).
  8483 | D:10     | 8483 ||| Stepping ~*~*~tactically~*~*~ (outnumbered).
  8485 | D:10     | 8485 ||| Stepping ~*~*~tactically~*~*~ (outnumbered).
  8488 | D:10     | Reached skill level 6 in Throwing
  8495 | D:10     | Found a staircase to the Orcish Mines.
  8539 | D:10     | Found a sparkling altar of Nemelex Xobeh.
  8623 | D:10     | 8623 ||| Stepping ~*~*~tactically~*~*~ (stealth).
  8625 | D:10     | 8625 ||| Stepping ~*~*~tactically~*~*~ (stealth).
  8629 | D:10     | 8629 ||| Stepping ~*~*~tactically~*~*~ (outnumbered).
  8630 | D:10     | 8630 ||| Stepping ~*~*~tactically~*~*~ (outnumbered).
  8633 | D:10     | 8633 ||| INVOKING Fiery Armour.
  8797 | D:10     | 8797 ||| READING 7 scrolls of identify.
  8797 | D:10     | 8797 ||| IDENTIFYING lumpy grey potion
  8841 | D:11     | Reached skill level 15 in Unarmed Combat
  8847 | D:11     | 8847 ||| FLEEEEING.
  8848 | D:11     | Noticed Harold
  8856 | D:11     | 8856 ||| INVOKING Fiery Armour.
  8857 | D:11     | HP: 22/105 [Harold/+0 trident (15)]
  8858 | D:11     | 8858 ||| READING 3 scrolls of teleportation.
  8858 | D:11     | HP: 7/105 [constriction (8)]
  8859 | D:11     | 8859 ||| DRINKING potion of heal wounds.
  8859 | D:11     | HP: 1/105 [constriction (9)]
  8861 | D:11     | Found a staircase to the Lair.
  8864 | D:11     | 8864 ||| READING 2 scrolls of teleportation.
  8866 | D:11     | Mangled by a komodo dragon

Levels and vault maps discovered:
D:1:      arrival_zaba_pyramid, layout_basic
D:2:      layout_loops_ring
D:3:      layout_loops_cross, grunt_gozag_statues, mainiacjoe_overflow_catwalk,
          minmay_misc_feat_columns, kennysheep_path_1, minmay_joined_circles
D:4:      layout_rooms, eat_drink_and_be_merry_uskayaw, kennysheep_little_box
D:5:      layout_layer_cave, trog_wizard, minmay_temple_entry_glassed_door,
          serial_shops, nicolae_shop_statue_plus
D:6:      layout_basic, old_standard_altar, nicolae_wu_jian_wuxing_cycle,
          chequers_temple_overflow_minitemple,
          lemuel_zombie_altar_kikubaaqudgha, portal_sewer_entry_d
D:7:      layout_cave_pools, general_overflow_altar, serial_shops,
          nicolae_lakefront_shop, kb_lookout_dungeons_type
D:8:      layout_layer_cave, hellmonk_ghost_happy_afterlife,
          minmay_misc_feat_encased
D:9:      layout_loops_ring, kennysheep_mini, mainiacjoe_overflow_cross_hatched,
          nicolae_water_bricks, uniq_psyche
D:10:     layout_cave_pools, mainiacjoe_overflow_paths, orc_0_dummy
D:11:     layout_basic, lair_entry_dummy, uniq_harold

Skill      XL: |  1  2  3  4  5  6  7  8  9 10 11 |
---------------+----------------------------------+-----
Unarmed Combat | 4 5 7 8 9 10 12 14 15 | 15.0
Fighting       | 3 4 5 6 |  6.0
Dodging        | 1 |  1.5
Throwing       | 2 5 6 |  6.0
Armour         | 1 |  1.4
Spellcasting   | |  1.0
Fire Magic     | |  2.1

Action                   |  1- 3 |  4- 6 |  7- 9 | 10-12 || total
-------------------------+-------+-------+-------+-------++-------
Melee: Unarmed           |    91 |   118 |   182 |   154 ||   545
       Punch             |       |     1 |     7 |     9 ||    17
Throw: Boomerang         |       |    41 |       |    11 ||    52
       Large rock        |       |       |    21 |    32 ||    53
Invok: Fiery Armour      |       |     2 |     3 |     5 ||    10
  Use: Scroll            |     7 |     4 |     5 |     5 ||    21
       Potion            |     1 |     2 |     3 |     2 ||     8
Armor: Robe              |    19 |    29 |   103 |    60 ||   211
Dodge: Dodged            |    17 |    53 |    95 |    59 ||   224

Table legend:
 A = Non-vault XP
 B = Vault XP
 C = Vault XP percentage of total XP
 D = Non-vault monster count
 E = Vault monster count
 F = Vault count percentage of total count
                 A         B        C        D         E       F
            +---------+---------+-------+---------+---------+-------
      Total |   13815 |     612 |   4.2 |     229 |      18 |   7.3
            +---------+---------+-------+---------+---------+-------
        D:1 |      50 |       0 |   0.0 |      28 |       0 |   0.0
        D:2 |      40 |       0 |   0.0 |      12 |       0 |   0.0
        D:3 |      35 |     103 |  74.6 |      15 |      14 |  48.3
        D:4 |     220 |       0 |   0.0 |      16 |       0 |   0.0
        D:5 |    1200 |       0 |   0.0 |      24 |       0 |   0.0
        D:6 |    1139 |      16 |   1.4 |      22 |       2 |   8.3
        D:7 |    1157 |     110 |   8.7 |      30 |       1 |   3.2
        D:8 |    2806 |       0 |   0.0 |      32 |       0 |   0.0
        D:9 |    4537 |     383 |   7.8 |      32 |       1 |   3.0
       D:10 |    2324 |       0 |   0.0 |      17 |       0 |   0.0
       D:11 |     307 |       0 |   0.0 |       1 |       0 |   0.0
            +---------+---------+-------+---------+---------+-------
